 Dungeon Crawl Stone Soup version 0.17.0-57-g0e89251 (webtiles) character file.

70 Burgietje the Skirmisher (level 4, -4/41 HPs)
             Began as a Minotaur Fighter on Dec 8, 2015.
             Slain by Musteatbrain's ghost (7 damage)
             ... on level 3 of the Dungeon.
             The game lasted 00:02:54 (1847 turns).

Burgietje the Skirmisher (Minotaur Fighter)         Turns: 1847, Time: 00:02:55

Health: -4/41      AC:  6    Str: 25    XL:     4   Next: 4%
Magic:  3/3        EV:  7    Int:  5    God:
Gold:   99         SH: 10    Dex: 11    Spells: 0 memorised, 3 levels left

rFire  . . .     SeeInvis .     a - +0 war axe
rCold  . . .     Clarity  .     b - +0 scale mail
rNeg   . . .     SustAt   .     c - +0 shield
rPois  .         Gourm    .     (helmet restricted)
rElec  .         Spirit   .     (no cloak)
rCorr  .         Warding  .     (no gloves)
rMut   .         Stasis   .     (no boots)
MR     .....                    (no amulet)
Stlth  ..........               (no ring)
                                (no ring)

@: mighty, not resistant to hostile enchantments, extremely unstealthy
A: retaliatory headbutt, horns 2
a: no special abilities


You were on level 3 of the Dungeon.
You were not hungry.

You visited 1 branch of the dungeon, and saw 3 of its levels.

You collected 99 gold pieces.

Inventory:

Hand Weapons
 a - a +0 war axe (weapon)
 v - a +0 long sword of draining
Armour
 b - a +0 scale mail (worn)
 c - a +0 shield (worn)
 g - a +0 pair of gloves
 m - a cursed +0 chain mail
Scrolls
 f - a scroll of random uselessness {unknown}
 i - 2 scrolls of teleportation {unknown}
 o - a scroll of identify {unknown}
 p - 3 scrolls of noise {unknown}
 q - 2 scrolls of remove curse {unknown}
 r - 3 scrolls of magic mapping {unknown}
 s - a scroll of enchant weapon {unknown}
 t - a scroll of amnesia {unknown}
Potions
 j - 2 potions of curing {unknown}
 k - a potion of heal wounds {unknown}
 l - a potion of cure mutation {unknown}
 n - a potion of ambrosia {unknown}
 u - a potion of berserk rage {unknown}
Comestibles
 e - 4 bread rations
 h - a beef jerky


   Skills:
 + Level 4.8 Fighting
 + Level 4.2 Axes
 - Level 3.6 Armour
 - Level 3.6 Shields


You had 3 spell levels left.
You didn't know any spells.

Dungeon Overview and Level Annotations

Branches:
Dungeon (3/15)

Altars:

Annotations:
D:3 Musteatbrain's ghost, amateur DsFi


Innate Abilities, Weirdness & Mutations

You reflexively headbutt those who attack you in melee.
You have a pair of horns on your head.


Message History

You slash Musteatbrain's ghost! You headbutt Musteatbrain's ghost!
Musteatbrain's ghost is severely damaged.
You slash the worm!
The worm is almost dead.
Musteatbrain's ghost hits you! The worm bites you.
Musteatbrain's ghost hits you!
* * * LOW HITPOINT WARNING * * *
You barely miss Musteatbrain's ghost.
You headbutt Musteatbrain's ghost, but do no damage.
Musteatbrain's ghost is severely damaged.
You slash the worm!
You kill the worm!
You have reached level 4!
You feel agile.
You block Musteatbrain's ghost's attack.
You barely miss Musteatbrain's ghost.
Your headbutt misses Musteatbrain's ghost.
Musteatbrain's ghost is severely damaged.
Musteatbrain's ghost hits you!
You die...

..############# .
..............#.#.#
###......#....#...#
#.....##.#.........
...#...#.........#####
..#_#...........#....#
...#.....#####.......##
.......### ##........#
#####..### ##...@W....#
#......# #...#......# #
#......# #.#.##....##
.##....### #.#.# ....#
..#.#### #.#.# #####
#...# #...# #..##
##.### #..#### ##..#
##....# #...#


You could see Musteatbrain's ghost.

Vanquished Creatures
  An adder (D:2)
  2 oozes (D:3)
  2 worms
  2 giant geckos
  11 hobgoblins
  2 jackals (D:1)
  A ball python (D:1)
  7 bats
  3 giant cockroaches
  5 giant newts
  3 goblins
  5 kobolds
  5 rats
49 creatures vanquished.

Notes
Turn   | Place    | Note
--------------------------------------------------------------
     0 | D:1      | Burgietje the Minotaur Fighter began the quest for the Orb.
     0 | D:1      | Reached XP level 1. HP: 19/19 MP: 0/0
   204 | D:1      | Reached XP level 2. HP: 27/27 MP: 1/1
   329 | D:1      | Reached skill level 4 in Fighting
  1019 | D:2      | Reached XP level 3. HP: 25/33 MP: 2/2
  1719 | D:3      | Found a faded altar to an unknown god.
  1840 | D:3      | Noticed Musteatbrain's ghost (amateur DsFi)
  1846 | D:3      | Reached XP level 4. HP: 2/41 MP: 3/3
  1847 | D:3      | Slain by Musteatbrain's ghost

Action                   |  1- 3 |  4- 6 || total
-------------------------+-------+-------++-------
Melee: War axe           |    91 |     1 ||    92
  Use: Potion            |     1 |       ||     1
  Eat: Chunk             |     3 |       ||     3
